 Dungeon Crawl Stone Soup version 0.28.0-47-ge53b351184 (webtiles) character file.

Game seed: 638545756677055455

924 101zpm the Conjurer (level 8, -1/58 HPs)
             Began as a Gnoll Conjurer on Apr 25, 2022.
             Slain by a black bear (4 damage)
             ... on level 5 of the Dungeon.
             The game lasted 00:16:07 (6783 turns).

101zpm the Conjurer (Gnoll Conjurer)                Turns: 6783, Time: 00:16:07

Health: -1/58      AC:  2    Str:  7    XL:     8   Next: 10%
Magic:  2/16       EV: 17    Int: 19    God:
Gold:   196        SH:  0    Dex: 11    Spells: 7/18 levels left

rFire   . . .      SeeInvis .     - Unarmed
rCold   + . .      Faith    .   (no shield)
rNeg    . . .      Spirit   .   a - +0 robe
rPois   .          Reflect  .   (no helmet)
rElec   .          Harm     .   (no cloak)
rCorr   .          Rampage  .   (no gloves)
Will    .....                   (no boots)
Stlth   +++.......              (no amulet)
HPRegen 0.19/turn               b - +4 ring of evasion
MPRegen 0.15/turn               d - ring of protection from cold

@: no status effects
A: fangs 1, strong nose, distributed training
a: no special abilities


You were on level 5 of the Dungeon.
You visited 1 branch of the dungeon, and saw 5 of its levels.
You also visited: Sewer.

You collected 196 gold pieces.

Inventory:

Hand Weapons
 p - a +0 short sword of protection
Armour
 a - a +0 robe (worn)
Jewellery
 b - a +4 ring of evasion (left hand)
 d - a ring of protection from cold (right hand)
 m - a +6 ring of dexterity
 x - a ring of wizardry
Scrolls
 e - a scroll of vulnerability {unknown}
 f - 3 scrolls of teleportation {unknown}
 h - 3 scrolls of fear
 i - a scroll of enchant weapon {unknown}
 k - 4 scrolls of fog
 o - a scroll of identify {unknown}
 s - a scroll of blinking {unknown}
 t - a scroll of immolation {unknown}
 u - 2 scrolls of summoning {unknown}
 v - a scroll of noise {unknown}
 w - 2 scrolls of magic mapping {unknown}
Potions
 c - 4 potions of curing {unknown}
 g - a potion of magic {unknown}
 j - a potion of resistance {unknown}
 l - a potion of mutation {unknown}
 n - 2 potions of brilliance {unknown}
 q - a potion of heal wounds {unknown}
 r - a potion of haste {unknown}
 z - a potion of ambrosia {unknown}


   Skills:
 + Level 3.0 Fighting
 + Level 3.0 Short Blades
 + Level 3.0 Long Blades
 + Level 3.0 Axes
 + Level 3.0 Maces & Flails
 + Level 3.0 Polearms
 + Level 3.0 Staves
 + Level 3.0 Slings
 + Level 3.0 Bows
 + Level 3.0 Crossbows
 + Level 3.0 Throwing
 + Level 3.0 Armour
 + Level 5.5 Dodging
 + Level 5.2 Stealth
 + Level 3.0 Shields
 + Level 3.0 Unarmed Combat
 + Level 5.8 Spellcasting
 + Level 7.5 Conjurations
 + Level 2.4 Hexes
 + Level 2.4 Summonings
 + Level 2.4 Necromancy
 + Level 2.4 Translocations
 + Level 2.4 Transmutations
 + Level 2.4 Fire Magic
 + Level 2.4 Ice Magic
 + Level 2.4 Air Magic
 + Level 2.4 Earth Magic
 + Level 2.4 Poison Magic
 + Level 3.2 Invocations
 + Level 3.0 Evocations


You had 7 spell levels left.
You knew the following spells:

 Your Spells              Type           Power      Damage    Failure   Level
a - Magic Dart            Conj           100%       1d8       1%          1
b - Swiftness             Air            14%        N/A       13%         3
c - Dazzling Flash        Conj/Hex       48%        N/A       4%          3
d - Fulminant Prism       Conj/Hex       12%        3d9       14%         4

Your spell library contained the following spells:

 Spells                   Type           Power      Damage    Failure   Level
 Foxfire                  Conj/Fire      96%        2x1d8     1%          1
 Shock                    Conj/Air       96%        1d9       1%          1
 Searing Ray              Conj           68%        2d6       1%          2
 Conjure Flame            Conj/Fire      24%        6-21      4%          3
 Inner Flame              Hex/Fire       14%        N/A       13%         3
 Flame Wave               Conj/Fire      24%        2d7       14%         4
 Iskenderun's Mystic Bla  Conj/Tloc      24%        2d7       14%         4
 Airstrike                Air            7%         N/A       38%         4


Dungeon Overview and Level Annotations

Branches:
Dungeon (5/15)             Temple (0/1) D:5           Sewer (visited)

Altars:
Hepliaklqana
Vehumet
Wu Jian


Innate Abilities, Weirdness & Mutations

You have very sharp teeth.
Your uncanny sense of smell can sniff out nearby items.
Your experience applies equally to all skills.


Message History

The black bear is severely wounded.
The black bear closely misses you. The black bear claws you.
The black bear misses you.
Aiming: Magic Dart (safe; 1% risk of failure)
Press: ? - help, Q - select action, (/) - cycle Shift-Dir - straight line, f/p - black bear
Aim: a black bear (severely wounded, 100% to hit)
The magic dart hits the black bear.
The black bear is severely wounded.
The black bear barely misses you. The black bear claws you.
The black bear barely misses you.
Aiming: Magic Dart (safe; 1% risk of failure)
Press: ? - help, Q - select action, (/) - cycle Shift-Dir - straight line, f/p - black bear
Aim: a black bear (severely wounded, 100% to hit)
The magic dart hits the black bear.
The black bear is severely wounded.
The black bear closely misses you. The black bear claws you.
The black bear claws you but does no damage.
The black bear goes berserk!
The black bear rages.
The black bear bites you.
* * * LOW HITPOINT WARNING * * *
The black bear closely misses you. The black bear claws you!
* * * LOW HITPOINT WARNING * * *
The black bear barely misses you. The black bear misses you.
The black bear barely misses you.
You are too injured to fight recklessly!
Aiming: Magic Dart (safe; 1% risk of failure)
Press: ? - help, Q - select action, (/) - cycle Shift-Dir - straight line, f/p - black bear
Aim: a black bear (severely wounded, berserk, 100% to hit)
Okay, then.
Casting: Magic Dart (safe; 1% risk of failure)
Confirm with . or Enter, or press ? or * to list all spells.
Okay, then.
The black bear misses you. x3
The black bear rages.
The black bear bites you!
* * * LOW HITPOINT WARNING * * *
The black bear barely misses you. x2
The black bear barely misses you. The black bear claws you.
You die...

.# #### ..##..# ####
..# ......###...> ..#
.#.......... ##.##
.....#...# ... ∆
..#....#..# ###.####
#......##.###......#
###........##......#
#....###.....h@<.#
....#...##.#.......# ∆.
#####.#..#.#.......#...
#.##...............
#.###.##.........## #†#
#.###......#... #.#
#..........#(..# # #.#
###.#......>.###
.####.###..........###


You could see a black bear (berserk).

Vanquished Creatures
  A black bear (D:5)
  A necrophage (D:4)
  2 ogres (D:4)
  4 kobold brigands (Sewer)
  A centaur skeleton (D:5)
  An iguana (D:5)
  An orc wizard (D:4)
  7 adders
  A gnoll (D:1)
  A howler monkey skeleton (D:5)
  3 river rats (Sewer)
  A worm (D:2)
  4 dart slugs
  10 orcs
  8 ball pythons
  4 endoplasms
  5 giant cockroaches
  11 goblins
  7 hobgoblins
  7 jackals
  6 quokkas
  2 bats
  4 frilled lizards
  11 kobolds
  9 rats
112 creatures vanquished.

Vanquished Creatures (others)
  3 fulminant prisms
  23 plants
26 creatures vanquished.

Grand Total: 138 creatures vanquished

Notes
Turn   | Place    | Note
-------+----------+-------------------------------------------
     0 | D:1      | 101zpm the Gnoll Conjurer began the quest for the Orb.
     0 | D:1      | Reached XP level 1. HP: 13/13 MP: 6/6
   102 | D:1      | Reached XP level 2. HP: 19/19 MP: 4/7
   479 | D:1      | Reached XP level 3. HP: 25/25 MP: 3/9
   480 | D:1      | Reached skill level 5 in Spellcasting
  1022 | D:2      | Reached skill level 1 in Invocations
  1215 | D:2      | Reached skill level 1 in Fighting
  1215 | D:2      | Reached skill level 1 in Short Blades
  1215 | D:2      | Reached skill level 1 in Long Blades
  1215 | D:2      | Reached skill level 1 in Axes
  1215 | D:2      | Reached skill level 1 in Maces & Flails
  1215 | D:2      | Reached skill level 1 in Polearms
  1215 | D:2      | Reached skill level 1 in Staves
  1215 | D:2      | Reached skill level 1 in Slings
  1215 | D:2      | Reached skill level 1 in Bows
  1215 | D:2      | Reached skill level 1 in Crossbows
  1215 | D:2      | Reached skill level 1 in Throwing
  1215 | D:2      | Reached skill level 1 in Armour
  1215 | D:2      | Reached skill level 1 in Shields
  1215 | D:2      | Reached skill level 1 in Unarmed Combat
  1215 | D:2      | Reached skill level 1 in Evocations
  1427 | D:2      | Reached XP level 4. HP: 32/32 MP: 6/11
  1641 | D:1      | Learned a level 3 spell: Swiftness
  1645 | D:1      | Learned a level 3 spell: Dazzling Flash
  1650 | D:1      | Learned a level 4 spell: Fulminant Prism
  2266 | D:3      | Found a glowing drain.
  2268 | D:3      | Reached skill level 1 in Hexes
  2268 | D:3      | Reached skill level 1 in Summonings
  2268 | D:3      | Reached skill level 1 in Necromancy
  2268 | D:3      | Reached skill level 1 in Translocations
  2268 | D:3      | Reached skill level 1 in Transmutations
  2268 | D:3      | Reached skill level 1 in Fire Magic
  2268 | D:3      | Reached skill level 1 in Ice Magic
  2268 | D:3      | Reached skill level 1 in Air Magic
  2268 | D:3      | Reached skill level 1 in Earth Magic
  2268 | D:3      | Reached skill level 1 in Poison Magic
  2276 | Sewer    | Entered a sewer
  2630 | Sewer    | Noticed a kobold brigand
  2645 | Sewer    | Reached XP level 5. HP: 37/37 MP: 6/12
  2678 | Sewer    | Noticed a kobold brigand
  2685 | Sewer    | Killed a kobold brigand
  2702 | Sewer    | Killed a kobold brigand
  2703 | Sewer    | Reached XP level 6. HP: 11/44 MP: 0/13
  2977 | Sewer    | Reached skill level 5 in Dodging
  4136 | D:3      | Found a radiant altar of Vehumet.
  4745 | D:4      | Reached XP level 7. HP: 50/50 MP: 6/15
  4746 | D:5      | Entered Level 5 of the Dungeon
  5023 | D:4      | Found an ornate altar of the Wu Jian Council.
  5222 | D:4      | Found a hazy altar of Hepliaklqana.
  5890 | D:4      | Reached skill level 5 in Stealth
  6739 | D:5      | Found a staircase to the Ecumenical Temple.
  6762 | D:5      | Reached XP level 8. HP: 45/58 MP: 8/16
  6783 | D:5      | Slain by a black bear

Illustrated notes

Levels and vault maps discovered:
D:1:      dpeg_arrival_shrine, layout_basic, minmay_misc_feat_pillars
D:2:      layout_loops_ring, uniq_terence
D:3:      layout_basic, nicolae_vehumet_radiance, gup_sewer_entry_pipe
D:4:      layout_basic, nicolae_overflow_crystal_walls,
          nicolae_wu_jian_wuxing_cycle, serial_bayou, serial_bayou_pond_b,
          serial_bayou_lake_a, serial_bayou_pond_e, serial_bayou_pond_a,
          serial_bayou_lagoon_b
D:5:      layout_rooms, minmay_temple_entry_waves

Skill      XL: |  1  2  3  4  5  6  7 |
---------------+----------------------+-----
Spellcasting   | 5 |  5.8
Invocations    | 1 2 3 |  3.2
Fighting       | 1 2 3 |  3.0
Short Blades   | 1 2 3 |  3.0
Long Blades    | 1 2 3 |  3.0
Axes           | 1 2 3 |  3.0
Maces & Flails | 1 2 3 |  3.0
Polearms       | 1 2 3 |  3.0
Staves         | 1 2 3 |  3.0
Slings         | 1 2 3 |  3.0
Bows           | 1 2 3 |  3.0
Crossbows      | 1 2 3 |  3.0
Throwing       | 1 2 3 |  3.0
Armour         | 1 2 3 |  3.0
Shields        | 1 2 3 |  3.0
Unarmed Combat | 1 2 3 |  3.0
Evocations     | 1 2 3 |  3.0
Hexes          | 1 2 |  2.4
Summonings     | 1 2 |  2.4
Necromancy     | 1 2 |  2.4
Translocations | 1 2 |  2.4
Transmutations | 1 2 |  2.4
Fire Magic     | 1 2 |  2.4
Ice Magic      | 1 2 |  2.4
Air Magic      | 1 2 |  2.4
Earth Magic    | 1 2 |  2.4
Poison Magic   | 1 2 |  2.4
Dodging        | 5 |  5.5
Stealth        | 5 |  5.2
Conjurations   | |  7.5

Action                   |  1- 3 |  4- 6 |  7- 9 || total
-------------------------+-------+-------+-------++-------
Melee: Unarmed           |       |    50 |       ||    50
       Bite              |       |     4 |       ||     4
 Cast: Magic Dart        |    81 |   125 |   103 ||   309
       Fulminant Prism   |       |     2 |     1 ||     3
  Use: Scroll            |       |     2 |       ||     2
Armor: Robe              |       |     2 |     5 ||     7
Dodge: Dodged            |     3 |    42 |    46 ||    91
